 Dungeon Crawl Stone Soup version 0.23-a0-391-g8c51ad5 (webtiles) character file.

1633 lemonriz the Cleaver (level 8, -1/71 HPs)
             Began as a Hill Orc Fighter on Oct 30, 2018.
             Was a Follower of Beogh.
             Slain by Pikel the queen bee (11 damage)
             ... on level 5 of the Dungeon.
             The game lasted 00:09:48 (4031 turns).

lemonriz the Cleaver (Hill Orc Fighter)             Turns: 4031, Time: 00:09:49

Health: -1/71      AC: 14    Str: 21    XL:     8   Next: 98%
Magic:  9/9        EV:  6    Int:  8    God:    Beogh [*.....]
Gold:   106        SH: 10    Dex: 10    Spells: 7/7 levels left

rFire    . . .     SeeInvis .   a - +1 war axe
rCold    . . .     Gourm    .   c - +0 shield
rNeg     + . .     Faith    .   g - +3 chain mail {rN+}
rPois    .         Spirit   .   p - +0 helmet
rElec    .         Reflect  .   z - +1 cloak {MR+}
rCorr    .         Harm     .   (no gloves)
MR       +....                  m - +0 pair of boots
Stlth    ..........             (no amulet)
HPRegen  0.21/turn              b - ring of wizardry
MPRegen  0.11/turn              (no ring)

@: corroded
A: no striking features
a: Renounce Religion


You were on level 5 of the Dungeon.
You worshipped Beogh.
Beogh was aware of your devotion.
You were not hungry.

You visited 1 branch of the dungeon, and saw 7 of its levels.

You collected 304 gold pieces.
You spent 198 gold pieces at shops.

Inventory:

Hand Weapons
 a - a +1 war axe (weapon)
Missiles
 j - 9 tomahawks (quivered)
Armour
 c - a +0 shield (worn)
 g - a +3 chain mail of positive energy (worn)
 m - a +0 pair of boots (worn)
 p - a +0 helmet (worn)
 z - a +1 cloak of magic resistance (worn)
Jewellery
 b - a ring of wizardry (left hand)
 v - an uncursed amulet of guardian spirit {unknown}
Wands
 u - a wand of iceblast (7)
 w - a wand of flame (14)
 y - a wand of polymorph (4)
Scrolls
 e - 4 scrolls of identify
 h - 4 scrolls of remove curse
 n - a scroll of enchant armour {unknown}
 o - a scroll of noise {unknown}
 q - 2 scrolls of enchant weapon
 s - a scroll of fog {unknown}
Potions
 d - a potion of agility {unknown}
 i - a potion of brilliance {unknown}
 k - a potion of lignification {unknown}
 l - 3 potions of curing
 r - a potion of invisibility {unknown}
 t - 3 potions of flight
Comestibles
 f - 5 rations
 x - 7 chunks of flesh


   Skills:
 + Level 6.8 Fighting
 * Level 9.4 Axes
 + Level 6.2 Armour
 + Level 6.2 Shields
 + Level 2.0 Invocations


You had 7 spell levels left.
You didn't know any spells.
Your spell library was empty.

Dungeon Overview and Level Annotations

Branches:
Dungeon (7/15)             Temple (0/1) D:5

Altars:
Kikubaaqudgha
Trog
Wu Jian
Zin

Shops:
D:4 %%*

Annotations:
D:5 Pikel


Message History

* * * LOW HITPOINT WARNING * * *
The slave hits you.
* * * LOW HITPOINT WARNING * * *
Things that are here:
a +0 short sword; a +0 leather armour The slave hits you but does no damage.
Pikel says, "Slavery isn't that bad."
There is a stone staircase leading up here.
You feel better. The slave hits you but does no damage.
Pikel hits you with a +2 whip of freezing.
* * * LOW HITPOINT WARNING * * *
Pikel freezes you.
* * * LOW HITPOINT WARNING * * *
Evoke which item? (* to show all) (? for menu, Esc to quit)
Aiming: Polymorph
Press: ? - help, Shift-Dir - straight line, f - Pikel
Aim: Pikel, wielding a +2 whip of freezing, wearing a +0 robe and carrying a Pikel evaporates and reforms as a queen bee!
Pikel stings you!
You die...

..#...###.# #.....
........#.# #.#.. ..
........#.# .... .
........#.###.####..# .
...p.p..............> .
.p....#.#.#...####..##. #+##
####....p.p÷......#... #.##
..........#py###.##.#...##.##
.#####....#p@).# # ###.#....
........#..).# .........
..........#..# #......
......#..#.#..# ##.....
.........#.##.# #.....
......#..... .#.#######.....
.... ####.# .#............. .
..# #####.÷...#..##
###..............##


You could see Pikel the queen bee and 4 slaves.

Vanquished Creatures
  Grinder (D:3)
  Edmund (D:5)
  An ice beast (D:6)
  A black bear (D:6)
  2 sky beasts (D:6)
  An ogre (D:4)
  A centaur (D:6)
  2 bullfrogs
  A howler monkey (D:7)
  A crimson imp (D:6)
  A hound (D:4)
  2 jellies (D:6)
  A bullfrog skeleton (D:4)
  Terence (D:2)
  3 worker ants
  Natasha (thrice) (D:4)
  3 orc wizards
  Robin (D:3)
  3 gnolls (D:7)
  A worker ant zombie (D:6)
  5 adders
  An ooze (D:4)
  2 worms
  2 dart slugs
  3 leopard geckos
  15 orcs
  5 bats
  12 giant cockroaches
  21 goblins
  5 hobgoblins
  7 jackals
  7 kobolds
  2 quokkas
  2 ball pythons
  A ball python skeleton (D:4)
  5 frilled lizards
  A leopard gecko zombie (D:7)
  5 rats
132 creatures vanquished.

Vanquished Creatures (others)
  An orc priest (D:7)
  A gnoll (D:7)
  An orc (D:7)
3 creatures vanquished.

Grand Total: 135 creatures vanquished

Notes
Turn   | Place    | Note
-------+----------+-------------------------------------------
     0 | D:1      | lemonriz the Hill Orc Fighter began the quest for the Orb.
     0 | D:1      | Reached XP level 1. HP: 19/19 MP: 1/1
   126 | D:1      | Reached skill level 3 in Axes
   151 | D:1      | Reached XP level 2. HP: 27/27 MP: 2/2
   798 | D:2      | Noticed Terence
   807 | D:2      | Killed Terence
   807 | D:2      | Reached XP level 3. HP: 28/33 MP: 3/3
   863 | D:2      | Reached skill level 4 in Axes
   878 | D:2      | Reached XP level 4. HP: 39/40 MP: 4/4
   937 | D:2      | Found a bloodstained altar of Trog.
  1236 | D:2      | Found an ancient bone altar of Kikubaaqudgha.
  1236 | D:2      | Found an ornate altar of the Wu Jian Council.
  1405 | D:3      | Noticed Robin
  1436 | D:3      | Killed Robin
  1530 | D:3      | Reached XP level 5. HP: 41/47 MP: 5/5
  1657 | D:3      | Noticed Grinder
  1663 | D:3      | Paralysed by Grinder for 4 turns
  1672 | D:3      | Killed Grinder
  1672 | D:3      | Reached skill level 5 in Fighting
  1672 | D:3      | Reached skill level 5 in Axes
  1672 | D:3      | Reached XP level 6. HP: 33/56 MP: 6/6
  1786 | D:3      | Found a glowing silver altar of Zin.
  1814 | D:3      | Reached skill level 6 in Axes
  2144 | D:4      | Found Kupan's Food Shop.
  2149 | D:4      | You fall through a shaft for 3 floors!
  2160 | D:7      | Became a worshipper of Beogh the Brigand
  2486 | D:7      | Reached XP level 7. HP: 56/61 MP: 7/7
  2541 | D:6      | Reached skill level 7 in Axes
  2541 | D:6      | Reached skill level 5 in Armour
  2541 | D:6      | Reached skill level 5 in Shields
  2890 | D:6      | Reached XP level 8. HP: 70/70 MP: 8/8
  2970 | D:6      | Reached skill level 8 in Axes
  3031 | D:6      | Reached * piety under Beogh
  3068 | D:5      | Entered Level 5 of the Dungeon
  3068 | D:5      | Found a staircase to the Ecumenical Temple.
  3115 | D:4      | Noticed Natasha
  3124 | D:4      | Killed Natasha
  3172 | D:4      | Noticed Natasha
  3180 | D:4      | Killed Natasha
  3286 | D:4      | Noticed Natasha
  3297 | D:4      | Killed Natasha
  3392 | D:4      | Found Egon's Food Shop.
  3520 | D:4      | Reached skill level 9 in Axes
  3562 | D:4      | Reached skill level 1 in Invocations
  3656 | D:4      | Found Oxtet's General Store.
  3661 | D:4      | Bought a +1 cloak of magic resistance for 198 gold pieces
  3956 | D:5      | Noticed Edmund
  3976 | D:5      | Killed Edmund
  4011 | D:5      | Noticed Pikel
  4028 | D:5      | HP: 2/71 [slave[Pikel] (4)]
  4031 | D:5      | Noticed Pikel
  4031 | D:5      | Pikel changed into Pikel the queen bee
  4031 | D:5      | Slain by Pikel the queen bee

Vault maps used:
D:1:      matt_arrival_diagonals
D:2:      lemuel_doored_altar, gammafunk_temple_overflow_wave, st_stairs_1,
          bloody_trog, uniq_sigmund, uniq_terence
D:3:      minmay_roachtagon, marbit_many_paths, serial_bayou,
          serial_bayou_lake_a, serial_bayou_shore_a, serial_bayou_pond_d,
          serial_bayou_lagoon_b, minmay_curled_crystal, uniq_grinder, uniq_robin
D:4:      serial_shops, shop, kennysheep_little_box, shop, fountainhead,
          minmay_close_crescents, uniq_natasha
D:5:      minmay_temple_entry_grid, first_ration, uniq_pikel, uniq_edmund
D:6:      minivault_23, uniq_eustachio, uniq_blork_the_orc
D:7:      gammafunk_temple_overflow_claw, uniq_harold, uniq_joseph

Skill      XL: |  1  2  3  4  5  6  7  8 |
---------------+-------------------------+-----
Axes           | 3 4 5 6 7 9 |  9.4
Fighting       | 4 5 6 |  6.8
Shields        | 4 5 6 |  6.2
Armour         | 4 5 6 |  6.2
Invocations    | 2 |  2.0

Action                   |  1- 3 |  4- 6 |  7- 9 || total
-------------------------+-------+-------+-------++-------
Melee: War axe           |    69 |   186 |   227 ||   482
Invok: Convert to Beogh  |       |     1 |       ||     1
Evoke: Wand              |       |       |     1 ||     1
  Use: Potion            |       |     1 |     1 ||     2
       Scroll            |       |     4 |     2 ||     6
  Eat: Chunk             |       |     6 |     5 ||    11
Armor: Scale mail        |    19 |       |       ||    19
       Chain mail        |    14 |   131 |   135 ||   280
Dodge: Dodged            |    11 |    43 |    52 ||   106
Block: Shield            |    32 |   113 |   121 ||   266

Table legend:
 A = Non-vault XP
 B = Vault XP
 C = Vault XP percentage of total XP
 D = Non-vault monster count
 E = Vault monster count
 F = Vault count percentage of total count
                 A         B        C        D         E       F
            +---------+---------+-------+---------+---------+-------
      Total |    1662 |     672 |  28.8 |      99 |      33 |  25.0
            +---------+---------+-------+---------+---------+-------
        D:1 |      26 |       0 |   0.0 |      15 |       0 |   0.0
        D:2 |      42 |      40 |  48.8 |      12 |       4 |  25.0
        D:3 |      39 |     342 |  89.8 |      18 |      23 |  56.1
        D:4 |     336 |     117 |  25.8 |      22 |       5 |  18.5
        D:5 |      85 |     173 |  67.1 |       8 |       1 |  11.1
        D:6 |     865 |       0 |   0.0 |      14 |       0 |   0.0
        D:7 |     269 |       0 |   0.0 |      10 |       0 |   0.0
            +---------+---------+-------+---------+---------+-------
